 Dungeon Crawl Stone Soup version 0.27-a0-1219-g958d993ae5 (webtiles) character file.

Game seed: 14273329882682611538

28 polve the Cutter (level 3, -7/36 HPs)
             Began as a Kobold Berserker on June 6, 2021.
             Was a Believer of Trog.
             Mangled by Sigmund
             ... wielding a +0 scythe
              (13 damage)
             ... on level 2 of the Dungeon.
             The game lasted 00:00:49 (1266 turns).

polve the Cutter (Kobold Berserker)                 Turns: 1266, Time: 00:00:49

Health: -7/36      AC:  2    Str: 15    XL:     3   Next: 30%
Magic:  3/3        EV: 15    Int:  8    God:    Trog [**....]
Gold:   35         SH:  0    Dex: 14    Spells: 2/2 levels left

rFire    . . .     SeeInvis .   a - +0 short sword
rCold    . . .     Faith    .   (shield restricted)
rNeg     . . .     Spirit   .   b - +0 animal skin
rPois    .         Reflect  .   (no helmet)
rElec    .         Harm     .   (no cloak)
rCorr    .         Rampage  .   (no gloves)
Will     .....                  (no boots)
Stlth    ..........             (no amulet)
HPRegen  0.12/turn              (no ring)
MPRegen  0.08/turn              (no ring)

@: berserking, very quick
A: small, no large weapons, nightstalker 3
a: Renounce Religion, Berserk, Trog's Hand


You were on level 2 of the Dungeon.
You worshipped Trog.
Trog was pleased with you.
You visited 1 branch of the dungeon, and saw 2 of its levels.

You collected 35 gold pieces.

Inventory:

Hand Weapons
 a - a +0 short sword (weapon)
Armour
 b - a +0 animal skin (worn)
Jewellery
 j - an amulet of reflection
Scrolls
 d - 2 scrolls of blinking {unknown}
 g - a scroll of teleportation {unknown}
 k - a scroll of enchant weapon {unknown}
Potions
 c - a potion of might {unknown}
 e - a potion of degeneration {unknown}
 f - a potion of ambrosia {unknown}
 h - a potion of curing {unknown}
 i - a potion of heal wounds {unknown}
 l - a potion of lignification {unknown}


   Skills:
 + Level 4.0 Fighting
 - Level 4.0 Short Blades
 - Level 1.5 Armour
 + Level 3.4 Dodging


You had 2 spell levels left.
You didn't know any spells.
Your spell library was empty.

Dungeon Overview and Level Annotations

Branches:
Dungeon (2/15)

Altars:

Shops:
D:1 *   D:2 *

Annotations:
D:2 Sigmund


Innate Abilities, Weirdness & Mutations

You are small and have problems with some larger weapons.
You are completely attuned to the shadows.


Message History

Trog accepts your kill.
No target in view!
No target in view!
No target in view!
No target in view!
No target in view!
No target in view!
No target in view!
No target in view!
No target in view!
There is an entrance to Vixick's General Store here.
There is an entrance to Vixick's General Store here.
You see here a +0 dagger.
Sigmund the Dreaded comes into view.
He is wielding a +0 scythe.
Sigmund shouts!
Sigmund is nearby!
Sigmund is nearby!
Sigmund is nearby!
Sigmund points at you and mumbles some strange words.
The magic dart hits you.
A red film seems to cover your vision as you go berserk!
You feel yourself moving faster!
You feel mighty!
Sigmund hits you from afar with a +0 scythe.
You feel a strong urge to attack something.
Sigmund hits you with a +0 scythe!
* * * LOW HITPOINT WARNING * * *
You hit Sigmund.
Sigmund is lightly wounded.
Sigmund gestures at you while chanting. The magic dart hits you.
* * * LOW HITPOINT WARNING * * *
You puncture Sigmund!
Sigmund is moderately wounded.
You barely miss Sigmund.
Sigmund is moderately wounded.
Sigmund barely misses you.
You puncture Sigmund!
Sigmund is almost dead.
Sigmund hits you with a +0 scythe!
You die...

#########
#.......#
#.#####.#
#.####.∩# #
#.##†..)####.##
#.##.##...@@...
#.##.##.####...
#.##.##.# ..
#.......# .
####.#### ##
#..# .# #.## .#
#.# .# #.#


You could see Sigmund.

Vanquished Creatures
  2 dart slugs (D:1)
  2 endoplasms (D:1)
  A giant cockroach (D:2)
  2 hobgoblins
  5 jackals (D:1)
  2 bats (D:1)
  3 frilled lizards (D:1)
  5 kobolds
  2 rats (D:1)
24 creatures vanquished.

Notes
Turn   | Place    | Note
-------+----------+-------------------------------------------
     0 | D:1      | polve the Kobold Berserker began the quest for the Orb.
     0 | D:1      | Reached XP level 1. HP: 14/14 MP: 1/1
    82 | D:1      | Found Gadipn's Assorted Antiques.
   110 | D:1      | Reached XP level 2. HP: 15/19 MP: 2/2
   491 | D:1      | Reached XP level 3. HP: 16/24 MP: 3/3
   856 | D:1      | Reached ** piety under Trog
   910 | D:1      | Identified Wiusarow's Collected Works on Doomed Changing
  1234 | D:2      | Found Vixick's General Store.
  1259 | D:2      | Noticed Sigmund
  1266 | D:2      | Mangled by Sigmund

Illustrated notes

Levels and vault maps discovered:
D:1:      wheals_arrival_linesprint, layout_rooms, serial_shops, shop,
          minmay_misc_feat_tower, kennysheep_pointless_box, nrook_loot_triangle,
          chequers_avenue
D:2:      layout_loops_corners, shapermc_ecumenical_altar_mp_highgroup,
          serial_shops, shop, uniq_natasha, uniq_sigmund

Skill      XL: |  1  2  3 |
---------------+----------+-----
Dodging        | 3 |  3.4
Fighting       | 4 |  4.0
Short Blades   | |  4.0
Armour         | |  1.5

Action                   || total
-------------------------++-------
Melee: Short sword       ||    86
Invok: Berserk           ||     1
 Stab: Sleeping          ||     6
Armor: Animal skin       ||     9
Dodge: Dodged            ||    58

Table legend: (Time is in decaauts)
 A = Elapsed time spent in this place.
 B = Non-inter-level travel time spent in this place.
 C = Inter-level travel time spent in this place.
 D = Time resting spent in this place.
 E = Time spent auto-exploring this place.
 F = Levels seen in this place.
 G = Mean time per level.
                   A        B        C        D        E       F      G
               +--------+--------+--------+--------+--------+-----+--------+
         Total |   1256 |   1192 |     64 |      0 |   1040 |   2 |  628.0 |
       Dungeon |   1256 |   1192 |     64 |      0 |   1040 |   2 |  628.0 |
               +--------+--------+--------+--------+--------+-----+--------+

Top non-repeatable levels by time:
     D:1: 1101 daAuts
     D:2: 154 daAuts
